3AAA
SALT LAKE CITY BUZZ @ GRYFINDOR BRAVES
08/08/2024
 
TOP OF THE 1ST
Salt Lake City Buzz batting - Pitching for Gryfindor Braves : RHP Sid Brown
Pitching: RHP Sid Brown
Batting: RHB Carlos López 0-0: Foul Ball, location: 2F
0-1: Foul Ball, location: 2F
0-2: Ball
1-2: Ground out 5-3 (Groundball, 5)
Batting: SHB Carlton Reed 0-0: Ball
1-0: Swinging Strike
1-1: Ball
2-1: Ball
3-1: Base on Balls
Batting: LHB Ramón Félix 0-0: Called Strike
0-1: Swinging Strike
0-2: Foul Ball, location: 2F
Reached via error on a dropped throw, E1
Carlton Reed to second
Batting: RHB Curt Kenney 0-0: Ball
1-0: Foul Ball, location: 2F
1-1: SINGLE (Flyball, 9S)
Carlton Reed to third
Ramón Félix to second
Batting: LHB Ángel Aguilar 0-0: Ball
1-0: Called Strike
1-1: Ball
2-1: Foul Ball, location: 2F
2-2: Foul Ball, location: 2F
2-2: Grounds into fielders choice 1-2 (Groundball, 15S)
Ramón Félix to third
Curt Kenney to second
Batting: RHB Andrew Hall 0-0: Swinging Strike
0-1: Foul Ball, location: 2F
0-2: Ball
1-2: Ball
2-2: Fly out, F4 (Popup, 4D)
Top of the 1st over - 0 run(s), 1 hit(s), 1 error(s), 3 left on base; Salt Lake City 0 - Gryfindor 0
BOTTOM OF THE 1ST
Gryfindor Braves batting - Pitching for Salt Lake City Buzz : RHP Ben Hopley
Pitching: RHP Ben Hopley
Batting: LHB Micheal Garren 0-0: Foul Ball, location: 2F
0-1: Called Strike
0-2: Ball
1-2: Ball
2-2: Fly out, F9 (Line Drive, 9M)
Batting: LHB Dave Lee 0-0: Fly out, F9 (Flyball, 9LSF)
Batting: RHB Turner Coleman 0-0: Fly out, F4 (Popup, 34)
Bottom of the 1st over - 0 run(s), 0 hit(s), 0 error(s), 0 left on base; Salt Lake City 0 - Gryfindor 0
TOP OF THE 2ND
Salt Lake City Buzz batting - Pitching for Gryfindor Braves : RHP Sid Brown
Batting: RHB Roger Lakes 0-0: Foul Ball, location: 2F
0-1: Ball
1-1: Ball
2-1: Foul Ball, location: 2F
2-2: SINGLE (Groundball, 6M)
Batting: RHB Patrick Clark 0-0: Called Strike
0-1: Fly out, F8 (Flyball, 8LXD)
Batting: RHB Alan Rosales 0-0: Ball
1-0: SINGLE (Line Drive, 7S)
Roger Lakes to second
Batting: RHB Carlos López 0-0: Called Strike
0-1: Ball
1-1: Ball
2-1: Ball
3-1: Swinging Strike
3-2: Base on Balls
Roger Lakes to third
Alan Rosales to second
Batting: SHB Carlton Reed 0-0: Ball
1-0: Ball
2-0: Called Strike
2-1: Foul Ball, location: 2F
2-2: Foul Ball, location: 2F
2-2: Ball
3-2: Foul Ball, location: 2F
3-2: Base on Balls
Roger Lakes scores
Alan Rosales to third
Carlos López to second
Batting: LHB Ramón Félix 0-0: Called Strike
0-1: Foul Ball, location: 2F
0-2: Ball
1-2: Foul Ball, location: 2F
1-2: Ball
2-2: Foul Ball, location: 2F
2-2: Foul Ball, location: 2F
2-2: DOUBLE (Line Drive, 9LS)
Alan Rosales scores
Carlos López scores
Carlton Reed to third
Runner from 3rd tries for Home, SAFE, throw made home
Batting: RHB Curt Kenney 0-0: Ball
1-0: Foul Ball, location: 2F
1-1: Ground out 6-3 (Groundball, 6M)
Ramón Félix to third
Batting: LHB Ángel Aguilar 0-0: Called Strike
0-1: Ball
1-1: Foul Ball, location: 2F
1-2: Fly out, F8 (Flyball, 8RD)
Top of the 2nd over - 4 run(s), 3 hit(s), 0 error(s), 1 left on base; Salt Lake City 4 - Gryfindor 0
BOTTOM OF THE 2ND
Gryfindor Braves batting - Pitching for Salt Lake City Buzz : RHP Ben Hopley
Batting: LHB Michael Smith 0-0: Ball
1-0: Called Strike
1-1: Foul Ball, location: 2F
1-2: Ball
2-2: Ball
3-2: Ground out 5-3 (Groundball, 5)
Batting: SHB Arturo Romero 0-0: Ball
1-0: Swinging Strike
1-1: Ball
2-1: Foul Ball, location: 2F
2-2: Ball
3-2: Fly out, F7 (Flyball, 7M)
Batting: LHB Jack Schmitt 0-0: Ball
1-0: Ball
2-0: Swinging Strike
2-1: Ball
3-1: Foul Ball, location: 2F
3-2: Base on Balls
Batting: SHB Emílio Gonzáles 0-0: Fly out, F9 (Line Drive, 9M)
Bottom of the 2nd over - 0 run(s), 0 hit(s), 0 error(s), 1 left on base; Salt Lake City 4 - Gryfindor 0
TOP OF THE 3RD
Salt Lake City Buzz batting - Pitching for Gryfindor Braves : RHP Sid Brown
Batting: RHB Andrew Hall 0-0: Ball
1-0: Called Strike
1-1: Ground out 3-1 (Groundball, 34)
Batting: RHB Roger Lakes 0-0: Ball
1-0: Ball
2-0: Foul Ball, location: 2F
2-1: Ball
3-1: Foul Ball, location: 2F
3-2: SOLO HOME RUN (Line Drive, 7D), Distance : 371 ft
Batting: RHB Patrick Clark 0-0: Ball
1-0: Called Strike
1-1: Ball
2-1: Ball
3-1: Ground out 1-3 (Groundball, 25)
Batting: RHB Alan Rosales 0-0: Foul Ball, location: 2F
0-1: Ball
1-1: SINGLE (Line Drive, 7S)
Batting: RHB Carlos López 0-0: Foul Ball, location: 2F
0-1: Swinging Strike
0-2: Ball
1-2: Ground out 6-3 (Groundball, 6)
Top of the 3rd over - 1 run(s), 2 hit(s), 0 error(s), 1 left on base; Salt Lake City 5 - Gryfindor 0
BOTTOM OF THE 3RD
Gryfindor Braves batting - Pitching for Salt Lake City Buzz : RHP Ben Hopley
Batting: SHB Jim Unknown 0-0: Ball
1-0: SINGLE (Flyball, 7S)
Batting: RHB Jim Unknown 0-0: Ball
1-0: Foul Ball, location: 2F
1-1: Grounds into double play, 1-6-3 (Groundball, 13S)
Batting: LHB Micheal Garren 0-0: Ball
1-0: Swinging Strike
1-1: SINGLE (Groundball, 34)
Batting: LHB Dave Lee 0-0: Ball
1-0: Ground out 1-3 (Groundball, 13)
Bottom of the 3rd over - 0 run(s), 2 hit(s), 0 error(s), 1 left on base; Salt Lake City 5 - Gryfindor 0
TOP OF THE 4TH
Salt Lake City Buzz batting - Pitching for Gryfindor Braves : RHP Sid Brown
Batting: SHB Carlton Reed 0-0: Ball
1-0: Called Strike
1-1: Ball
2-1: Ball
3-1: Foul Ball, location: 2F
3-2: Foul Ball, location: 2F
3-2: Base on Balls
Batting: LHB Ramón Félix 0-0: Ball
1-0: Ball
2-0: Called Strike
2-1: Fly out, F5 (Popup, 5SF)
Pitching: RHP Joe Benítez
Batting: RHB Curt Kenney 0-0: Fly out, F8 (Flyball, 8RM)
Batting: LHB Ángel Aguilar 0-0: Called Strike
0-1: Ball
1-1: Foul Ball, location: 2F
1-2: SINGLE (Groundball, 34S)
Carlton Reed to second
Runner from 2nd tries for 3rd, SAFE, throw made to third
Ángel Aguilar to second
Batting: RHB Andrew Hall 0-0: Fly out, F4 (Popup, 4MD)
Top of the 4th over - 0 run(s), 1 hit(s), 0 error(s), 2 left on base; Salt Lake City 5 - Gryfindor 0
BOTTOM OF THE 4TH
Gryfindor Braves batting - Pitching for Salt Lake City Buzz : RHP Ben Hopley
Batting: RHB Turner Coleman 0-0: Ball
1-0: Swinging Strike
1-1: Foul Ball, location: 2F
1-2: Ball
2-2: SINGLE (Flyball, 9S)
Batting: LHB Michael Smith 0-0: Called Strike
0-1: Foul Ball, location: 2F
0-2: Strikes out swinging
Batting: SHB Arturo Romero 0-0: Fly out, F6 (Popup, 56D)
Batting: LHB Jack Schmitt 0-0: Called Strike
0-1: Fielders Choice at 2nd, 6-4 (Groundball, 56)
Bottom of the 4th over - 0 run(s), 1 hit(s), 0 error(s), 0 left on base; Salt Lake City 5 - Gryfindor 0
TOP OF THE 5TH
Salt Lake City Buzz batting - Pitching for Gryfindor Braves : RHP Joe Benítez
Batting: RHB Roger Lakes 0-0: Called Strike
0-1: Ball
1-1: Foul Ball, location: 2F
1-2: SOLO HOME RUN (Flyball, 78XD), Distance : 417 ft
Batting: RHB Patrick Clark 0-0: Ball
1-0: Called Strike
1-1: Ground out 5-3 (Groundball, 56S)
Batting: RHB Alan Rosales 0-0: Called Strike
0-1: Ball
1-1: Called Strike
1-2: Strikes out swinging
Batting: RHB Carlos López 0-0: Ball
1-0: Foul Ball, location: 2F
1-1: Foul Ball, location: 2F
1-2: Ball
2-2: Foul Ball, location: 2F
2-2: Ball
3-2: Strikes out swinging
Top of the 5th over - 1 run(s), 1 hit(s), 0 error(s), 0 left on base; Salt Lake City 6 - Gryfindor 0
BOTTOM OF THE 5TH
Gryfindor Braves batting - Pitching for Salt Lake City Buzz : RHP Ben Hopley
Batting: SHB Emílio Gonzáles 0-0: Foul Ball, location: 2F
0-1: Ball
1-1: Foul Ball, location: 2F
1-2: Fly out, F7 (Flyball, 78M)
Batting: SHB Jim Unknown 0-0: Ball
1-0: Foul Ball, location: 2F
1-1: Ball
2-1: Foul Ball, location: 2F
2-2: SINGLE (Line Drive, 34D)
Batting: RHB Jim Unknown 0-0: Ball
1-0: Ball
2-0: Called Strike
2-1: Foul Ball, location: 2F
2-2: Fly out, F8 (Flyball, 8RXD)
Batting: LHB Micheal Garren 0-0: Fly out, F7 (Flyball, 7M)
Bottom of the 5th over - 0 run(s), 1 hit(s), 0 error(s), 1 left on base; Salt Lake City 6 - Gryfindor 0
TOP OF THE 6TH
Salt Lake City Buzz batting - Pitching for Gryfindor Braves : RHP Joe Benítez
Batting: SHB Carlton Reed 0-0: Called Strike
0-1: Called Strike
0-2: Ball
1-2: Hit by Pitch
Batting: LHB Ramón Félix 0-0: Ball
1-0: Foul Ball, location: 2F
1-1: Called Strike
1-2: SINGLE (Line Drive, 4MD)
Carlton Reed to second
Batting: RHB Curt Kenney 0-0: Ground out 5-3 (Groundball, 56S)
Carlton Reed to third
Ramón Félix to second
Batting: LHB Ángel Aguilar 0-0: Fly out, F5 (Popup, 5F)
Batting: RHB Andrew Hall 0-0: Ball
1-0: Ball
2-0: Foul Ball, location: 2F
2-1: Called Strike
2-2: Reached on error, E5 (Groundball, 56S)
Carlton Reed scores
Ramón Félix to third
Pitching: RHP Juan Torres
Batting: RHB Roger Lakes 0-0: Called Strike
0-1: Foul Ball, location: 2F
0-2: Ball
1-2: Ball
2-2: Ball
3-2: Base on Balls
Andrew Hall to second
Batting: RHB Patrick Clark 0-0: Ground out 5-3 (Groundball, 56S)
Top of the 6th over - 1 run(s), 1 hit(s), 1 error(s), 3 left on base; Salt Lake City 7 - Gryfindor 0
BOTTOM OF THE 6TH
Gryfindor Braves batting - Pitching for Salt Lake City Buzz : RHP Ben Hopley
Batting: LHB Dave Lee 0-0: Ground out 3-1 (Groundball, 34)
Batting: RHB Turner Coleman 0-0: Ball
1-0: Swinging Strike
1-1: Foul Ball, location: 2F
1-2: Ball
2-2: Ball
3-2: Strikes out swinging
Batting: LHB Michael Smith 0-0: Foul Ball, location: 2F
0-1: Fly out, F5 (Popup, 5F)
Bottom of the 6th over - 0 run(s), 0 hit(s), 0 error(s), 0 left on base; Salt Lake City 7 - Gryfindor 0
TOP OF THE 7TH
Salt Lake City Buzz batting - Pitching for Gryfindor Braves : RHP Juan Torres
Batting: RHB Alan Rosales 0-0: Ball
1-0: Swinging Strike
1-1: Called Strike
1-2: Strikes out swinging
Batting: RHB Carlos López 0-0: Called Strike
0-1: Ball
1-1: Called Strike
1-2: Ball
2-2: Foul Ball, location: 2F
2-2: Strikes out swinging
Batting: SHB Carlton Reed 0-0: Called Strike
0-1: Ball
1-1: Called Strike
1-2: Foul Ball, location: 2F
1-2: Strikes out swinging
Top of the 7th over - 0 run(s), 0 hit(s), 0 error(s), 0 left on base; Salt Lake City 7 - Gryfindor 0
BOTTOM OF THE 7TH
Gryfindor Braves batting - Pitching for Salt Lake City Buzz : RHP Ben Hopley
Batting: SHB Arturo Romero 0-0: Ball
1-0: Ball
2-0: Ball
3-0: Base on Balls
Batting: LHB Jack Schmitt 0-0: Ball
1-0: Foul Ball, location: 2F
1-1: Ball
2-1: Fly out, F6 (Popup, 6D)
Batting: SHB Emílio Gonzáles 0-0: Ball
1-0: Ball
2-0: Foul Ball, location: 2F
2-1: Foul Ball, location: 2F
2-2: Ball
3-2: Fly out, F4 (Popup, 4D)
Batting: SHB Jim Unknown 0-0: Foul Ball, location: 2F
0-1: Foul Ball, location: 2F
0-2: Ball
1-2: DOUBLE (Line Drive, 7LM)
Arturo Romero to third
Batting: RHB Jim Unknown 0-0: Ball
1-0: Ball
2-0: Swinging Strike
2-1: Foul Ball, location: 2F
2-2: Ground out 4-3 (Groundball, 4)
Bottom of the 7th over - 0 run(s), 1 hit(s), 0 error(s), 2 left on base; Salt Lake City 7 - Gryfindor 0
TOP OF THE 8TH
Salt Lake City Buzz batting - Pitching for Gryfindor Braves : RHP Juan Torres
Batting: LHB Ramón Félix 0-0: Ball
1-0: Ball
2-0: Swinging Strike
2-1: Ball
3-1: Base on Balls
Batting: RHB Curt Kenney 0-0: Ball
1-0: Ball
2-0: Grounds into double play, 5-4-3 (Groundball, 5)
Batting: LHB Ángel Aguilar 0-0: Called Strike
0-1: TRIPLE (Line Drive, 9D)
Batting: RHB Andrew Hall 0-0: Ball
1-0: Ball
2-0: Ground out 5-3 (Groundball, 5S)
Top of the 8th over - 0 run(s), 1 hit(s), 0 error(s), 1 left on base; Salt Lake City 7 - Gryfindor 0
BOTTOM OF THE 8TH
Gryfindor Braves batting - Pitching for Salt Lake City Buzz : RHP Ben Hopley
Batting: LHB Micheal Garren 0-0: Called Strike
0-1: Ball
1-1: Ground out 1-3 (Groundball, 13S)
Batting: LHB Dave Lee 0-0: Ball
1-0: Foul Ball, location: 2F
1-1: Ball
2-1: Foul Ball, location: 2F
2-2: Foul Ball, location: 2F
2-2: Ball
3-2: Foul Ball, location: 2F
3-2: Base on Balls
Pitching: RHP Eduardo Romero
Batting: RHB Turner Coleman 0-0: Ball
1-0: DOUBLE (Line Drive, 7LM)
Dave Lee to third
Batting: LHB Michael Smith 0-0: Ball
1-0: Ball
2-0: Ball
3-0: Called Strike
3-1: Swinging Strike
3-2: Strikes out swinging
Batting: SHB Arturo Romero 0-0: Ball
1-0: Ball
2-0: Called Strike
2-1: Ball
3-1: Base on Balls
Batting: LHB Jack Schmitt 0-0: Ball
Wild Pitch!
Dave Lee scores
Turner Coleman to third
Arturo Romero to second
1-0: Called Strike
1-1: Swinging Strike
1-2: Strikes out looking
Bottom of the 8th over - 1 run(s), 1 hit(s), 0 error(s), 2 left on base; Salt Lake City 7 - Gryfindor 1
TOP OF THE 9TH
Salt Lake City Buzz batting - Pitching for Gryfindor Braves : RHP Juan Torres
Pitching: RHP Pat Vogel
Batting: RHB Roger Lakes 0-0: Ball
1-0: Ball
2-0: Ball
3-0: Base on Balls
Pitching: RHP Jim Unknown
Batting: RHB Patrick Clark 0-0: Fly out, F3 (Line Drive, 34)
0-0: Lined into DP, U3 (Line Drive, 34)
Batting: RHB Alan Rosales 0-0: Ball
1-0: Ball
2-0: Swinging Strike
2-1: Foul Ball, location: 2F
2-2: Foul Ball, location: 2F
2-2: Strikes out swinging
Top of the 9th over - 0 run(s), 0 hit(s), 0 error(s), 0 left on base; Salt Lake City 7 - Gryfindor 1
BOTTOM OF THE 9TH
Gryfindor Braves batting - Pitching for Salt Lake City Buzz : RHP Eduardo Romero
Now at 2B: Shelby Reusch
Batting: SHB Emílio Gonzáles 0-0: Ball
1-0: Called Strike
1-1: SINGLE (Groundball, 4MD)
Batting: SHB Jim Unknown 0-0: Foul Ball, location: 2F
0-1: Ball
1-1: Foul Ball, location: 2F
1-2: Fielders Choice at 2nd, 6-4 (Groundball, 6M)
Batting: RHB Jim Unknown 0-0: Ball
1-0: Grounds into double play, 5-4-3 (Groundball, 56)
Bottom of the 9th over - 0 run(s), 1 hit(s), 0 error(s), 0 left on base; Salt Lake City 7 - Gryfindor 1
This league is powered by Out of the Park Baseball, the baseball management simulation game for PC, Mac and Linux
Monday, October 3rd, 2016 - OOTP Baseball 16.9 Build 39